 Dungeon Crawl Stone Soup version 0.29.1-15-g9cfb28693d (webtiles) character file.

Game seed: 13856522002909850664

8218 growler the Martial Artist (level 11, 0/87 HPs)
             Began as a Merfolk Transmuter on Mar 27, 2023.
             Was a Priest of Wu Jian.
             Killed from afar by a will-o-the-wisp (15 damage)
             ... with a foxfire
             ... on level 2 of the Abyss.
             The game lasted 00:34:10 (12236 turns).

growler the Martial Artist (Merfolk Transmuter)    Turns: 12236, Time: 00:34:11

Health: 0/87       AC:  9    Str: 12    XL:     11   Next: 27%
Magic:  17/17      EV: 30    Int: 15    God:    Wu Jian [***...]
Gold:   546        SH:  0    Dex: 15    Spells: 8/18 levels left

rFire   . . .      SeeInvis .     - Unarmed
rCold   . . .      Faith    .   (no shield)
rNeg    . . .      Spirit   .   a - +0 robe
rPois   +          Reflect  .   w - +0 helmet
rElec   .          Harm     .   (no cloak)
rCorr   .          Rampage  .   h - +2 pair of gloves
Will    .....                   C - +2 pair of boots
Stlth   +++.......              n - amulet of the acrobat
HPRegen 0.00/turn               D - ring of flight
MPRegen 0.15/turn               o - ring of poison resistance

@: acrobatic, sick, flying, hasted (expiring), very quick
A: (nimble swimmer 2), mertail
a: Renounce Religion, Wall Jump, Serpent's Lash


You were on level 2 of the Abyss.
You worshipped Wu Jian.
Wu Jian was most pleased with you.
You visited 2 branches of the dungeon, and saw 10 of its levels.
You visited the Abyss 1 time.

You collected 546 gold pieces.

Inventory:

Missiles
 z - a throwing net
Armour
 a - a +0 robe (worn)
 h - a +2 pair of gloves (worn)
 w - a +0 helmet (worn)
 C - a +2 pair of boots (worn)
Jewellery
 k - a ring of resist corrosion
 n - an amulet of the acrobat (around neck)
 o - a ring of poison resistance (right hand)
 B - a ring of ice
 D - a ring of flight (left hand)
 E - an amulet of faith
Wands
 x - a wand of mindburst (13)
 A - a wand of iceblast (7)
Scrolls
 c - a scroll of immolation {unknown}
 d - 4 scrolls of fear
 g - a scroll of silence {unknown}
 j - 3 scrolls of poison
 m - 4 scrolls of enchant weapon
 q - a scroll of teleportation
 r - a scroll of magic mapping {unknown}
 v - a scroll of blinking
 y - a scroll of amnesia {unknown}
 F - a scroll of torment {unknown}
 G - a scroll of identify
 H - a scroll of butterflies {unknown}
Potions
 b - a potion of lignification
 f - a potion of curing
 i - 4 potions of resistance
 l - a potion of brilliance
 p - 4 potions of ambrosia
 s - 2 potions of might
 t - 3 potions of invisibility
 u - a potion of attraction
 I - a potion of flight


   Skills:
 + Level 8.5 Fighting
 + Level 7.4 Dodging
 + Level 6.2 Stealth
 + Level 13.0 Unarmed Combat
 - Level 4.0 Spellcasting
 - Level 6.0 Transmutations
 - Level 4.0 Ice Magic


You had 8 spell levels left.
You knew the following spells:

 Your Spells              Type           Power      Damage    Failure   Level
a - Beastly Appendage     Tmut           42%        N/A       1%          1
b - Wereblood             Tmut           21%        N/A       2%          2
c - Spider Form           Tmut/Pois      12%        N/A       16%         3
d - Ice Form              Ice/Tmut       18%        N/A       22%         4

Your spell library contained the following spells:

 Spells                   Type           Power      Damage    Failure   Level
 Freeze                   Ice            60%        1d8       3%          1
 Sting                    Tmut/Pois      48%        1d5       5%          1
 Passwall                 Tmut/Erth      10%        N/A       8%          2
 Frozen Ramparts          Ice            30%        1d5       11%         3
 Ensorcelled Hibernation  Hex/Ice        18%        N/A       12%         2
 Necrotise                Necr           12%        1d4       19%         1
 Petrify                  Tmut/Erth      12%        N/A       45%         4
 Swiftness                Air            3%         N/A       47%         3
 Vampiric Draining        Necr           3%         2d6       47%         3
 Hailstorm                Conj/Ice       9%         3d4       61%         4
 Metabolic Englaciation   Hex/Ice        4%         N/A       91%         5
 Agony                    Necr           3%         N/A       99%         5
 Statue Form              Tmut/Erth      8%         N/A       100%        6


Dungeon Overview and Level Annotations

Branches:
Dungeon (9/15)             Temple (1/1) D:4
   Lair: D:8-11         Orc: D:9-12

Altars:
Ashenzari
Cheibriados
Dithmenos
Elyvilon
Fedhas
Gozag
Hepliaklqana
Kikubaaqudgha
Makhleb
Nemelex Xobeh
Okawaru
Qazlal
Ru
Sif Muna
Trog
Uskayaw
Wu Jian
Xom
Yredelemnul
Zin
The Shining One

Shops:
D:6 *

Annotations:
D:4 3 runed translucent doors, nroviw's ghost, novice DrAE
D:6 1 runed translucent door, croobank's ghost, weakling OpDe


Innate Abilities, Weirdness & Mutations

((You are very nimble when in or above water. (Stealth+, EV+, Speed+++)))
Your lower body shifts to a powerful aquatic tail in water.


Message History

Your +0 robe unmelds from your body.
A starcursed mass splits.
A starcursed mass splits.
An ancient zyme comes into view.
A lich comes into view.
You feel yourself growing ill in the presence of the ancient zyme.
You feel ill.
The ancient zyme completely misses you. x2
The lich shouts!
The ancient zyme attacks as you move away!
The ancient zyme hits you. The ancient zyme closely misses you.
The lich gestures wildly while chanting.
The lich flickers and vanishes!
Deactivating autopickup; reactivate with Ctrl-A.
A rust devil comes into view.
The rust devil screeches!
The iron imp shouts, "Quit, thou defiled ruttish guttersnipe!"
The white imp shouts, "Flee, thou fobbing clapper-clawed simpleton!"
The white imp gestures at you. The puff of frost hits you!
The ancient zyme attacks as you move away!
The ancient zyme closely misses you. The ancient zyme hits you!
Okay, then.
You feel yourself speed up. The ancient zyme closely misses you.
The ancient zyme hits you.
A starcursed mass splits.
A chorus of shrieks assaults your mind.
A large abomination comes into view.
A small abomination comes into view.
A will-o-the-wisp comes into view.
Found a gateway leading deeper into the Abyss.
The will-o-the-wisp gives a chilling moan.
The will-o-the-wisp gestures.
The will-o-the-wisp conjures some foxfire! 2 foxfires come into view.
The foxfire hits you!! The foxfire hits you!
* * * LOW HITPOINT WARNING * * *
Your extra speed is starting to run out.
The will-o-the-wisp gestures.
The will-o-the-wisp conjures some foxfire! 2 foxfires come into view.
The foxfire hits you!
You die...

##..... #...§#####
.# ##..v##..#..#
#.#.#.§#....# ###
#....§§######..##
.....#..§§.........
...####..v§........
.### ##....v.....#
#.....@.....#
#..####......#
#..## #>...#. #...
...... ...# ..##..
.. ## .


You could see a will-o-the-wisp.

Vanquished Creatures
  3 two-headed ogres
  Pikel (D:5)
  Joseph (D:7)
  Maggie (D:8)
  Psyche (D:9)
  A raiju (Abyss:2)
  10 yaks (D:9)
  A steam dragon (D:9)
  A wraith (D:9)
  A wyvern (D:7)
  Menkaure (D:5)
  Edmund (D:4)
  3 orc warriors
  2 black bears
  A centaur (D:9)
  A lemure (D:5)
  2 phantoms (D:5)
  2 kobold brigands (D:9)
  3 bullfrogs
  A gnoll sergeant (D:8)
  A scorpion (D:5)
  4 wights
  9 killer bees
  3 howler monkeys
  3 jellies
  4 orc priests
  2 gnoll boudas
  3 hounds
  4 iguanas
  Ijyb (D:5)
  8 orc wizards
  21 gnolls
  8 adders
  2 ufetubi
  4 worms
  7 dart slugs
  19 orcs
  4 endoplasms
  5 goblins
  7 hobgoblins
  5 jackals
  16 kobolds
  4 quokkas
  5 ball pythons
  5 bats
  4 frilled lizards
  2 rats (D:1)
198 creatures vanquished.

Vanquished Creatures (others)
  2 foxfires (Abyss:2)
  3 fungi (D:4)
  A plant (D:4)
6 creatures vanquished.

Grand Total: 204 creatures vanquished

Notes
Turn   | Place    | Note
-------+----------+-------------------------------------------
     0 | D:1      | growler the Merfolk Transmuter began the quest for the Orb.
     0 | D:1      | Reached XP level 1. HP: 15/15 MP: 3/3
   431 | D:1      | Reached XP level 2. HP: 16/21 MP: 3/5
   437 | D:1      | Learned a level 2 spell: Wereblood
   770 | D:1      | Found a faded altar of an unknown god.
   778 | D:1      | Got Plato's Writings on Transformation
   985 | D:1      | Reached XP level 3. HP: 24/26 MP: 4/6
   992 | D:1      | Learned a level 3 spell: Spider Form
  1718 | D:2      | Reached skill level 4 in Unarmed Combat
  1837 | D:2      | Reached XP level 4. HP: 23/32 MP: 2/8
  2017 | D:2      | Reached skill level 5 in Unarmed Combat
  2017 | D:2      | Reached XP level 5. HP: 37/37 MP: 6/9
  2022 | D:2      | Learned a level 4 spell: Ice Form
  2977 | D:3      | Found a basalt altar of Yredelemnul.
  2982 | D:3      | Found a hide-covered altar of Uskayaw.
  2982 | D:3      | Found a glowing golden altar of the Shining One.
  2985 | D:3      | Found a snail-covered altar of Cheibriados.
  3624 | D:4      | Reached skill level 6 in Unarmed Combat
  3624 | D:4      | Reached XP level 6. HP: 29/43 MP: 10/10
  4133 | D:4      | Noticed Edmund
  4225 | D:4      | Found a glowing silver altar of Zin.
  4355 | D:4      | Killed Edmund
  4356 | D:4      | Reached skill level 7 in Unarmed Combat
  4356 | D:4      | Reached XP level 7. HP: 29/48 MP: 6/11
  4682 | D:4      | Found a runed translucent gate.
  4682 | D:4      | Found a runed translucent gate.
  4686 | D:4      | Found a runed translucent gate.
  4688 | D:4      | Noticed nroviw's ghost (novice DrAE)
  4982 | D:4      | Found a staircase to the Ecumenical Temple.
  4993 | Temple   | Entered the Ecumenical Temple
  5016 | Temple   | Became a worshipper of the Wu Jian Council
  5193 | D:5      | Entered Level 5 of the Dungeon
  5244 | D:5      | Noticed Ijyb
  5253 | D:5      | Killed Ijyb
  5383 | D:5      | Reached skill level 8 in Unarmed Combat
  5772 | D:5      | Reached skill level 9 in Unarmed Combat
  5934 | D:5      | Noticed Menkaure
  5948 | D:5      | Killed Menkaure
  5949 | D:5      | Reached XP level 8. HP: 16/54 MP: 6/12
  6485 | D:5      | Reached skill level 10 in Unarmed Combat
  6544 | D:5      | Noticed Pikel
  6575 | D:5      | Killed Pikel
  6576 | D:5      | Reached skill level 5 in Transmutations
  6729 | D:6      | Found a runed translucent door.
  6736 | D:6      | Noticed croobank's ghost (weakling OpDe)
  6878 | D:6      | Reached XP level 9. HP: 63/63 MP: 14/14
  7536 | D:6      | Found Zidufege's Mass Market.
  7964 | D:7      | Reached * piety under Wu Jian
  8335 | D:7      | Found a blossoming altar of Fedhas.
  8337 | D:7      | Found a stormy altar of Qazlal.
  8337 | D:7      | Found an ancient bone altar of Kikubaaqudgha.
  8533 | D:7      | Noticed Joseph
  8622 | D:7      | Killed Joseph
  8623 | D:7      | Reached skill level 5 in Fighting
  8623 | D:7      | Reached skill level 11 in Unarmed Combat
  9101 | D:8      | Noticed Maggie
  9110 | D:8      | Killed Maggie
  9244 | D:8      | Reached XP level 10. HP: 33/76 MP: 12/16
  9483 | D:8      | Reached ** piety under Wu Jian
  9484 | D:8      | Reached skill level 1 in Stealth
  9929 | D:8      | Noticed a two-headed ogre
  9934 | D:8      | Killed a two-headed ogre
  9935 | D:8      | Reached skill level 12 in Unarmed Combat
 10334 | D:9      | Reached skill level 5 in Dodging
 10508 | D:9      | Found an iron altar of Okawaru.
 10667 | D:9      | Noticed Psyche
 10704 | D:9      | Killed Psyche
 11211 | D:9      | Reached *** piety under Wu Jian
 11219 | D:9      | Reached skill level 5 in Stealth
 11428 | D:9      | Reached XP level 11. HP: 82/86 MP: 15/17
 11645 | D:9      | Noticed a two-headed ogre
 11651 | D:9      | Killed a two-headed ogre
 11675 | D:9      | Noticed a two-headed ogre
 11675 | D:9      | Noticed a wizard
 11823 | D:9      | Killed a two-headed ogre
 11936 | Abyss:2  | Found a corrupted altar of Lugonu.
 11936 | Abyss:2  | Cast into level 2 of the Abyss (a wizard)
 11980 | Abyss:2  | Noticed a cacodemon
 12138 | Abyss:2  | Reached skill level 13 in Unarmed Combat
 12167 | Abyss:2  | Noticed a starcursed mass
 12178 | Abyss:2  | Noticed a lich
 12209 | Abyss:2  | Noticed a large abomination
 12226 | Abyss:2  | Noticed a will-o-the-wisp
 12236 | Abyss:2  | Killed from afar by a will-o-the-wisp

Illustrated notes

Levels and vault maps discovered:
D:1:      dpeg_arrival_brainrot, layout_basic,
          shapermc_ecumenical_altar_rom_forum
D:2:      layout_loops_ring
D:3:      layout_basic, minitemple
D:4:      layout_layer_cave, lemuel_doored_altar,
          minmay_temple_entry_glassed_door, gammafunk_ghost_nasty_kobolds,
          uniq_edmund
D:5:      layout_basic, grunt_ministairs_5, uniq_menkaure, uniq_ijyb, uniq_pikel
D:6:      layout_basic, ebering_ghost_sewer_d, minmay_holes, minmay_shop_mass
D:7:      layout_loops_ring, grunt_temple_overflow_open, uniq_joseph
D:8:      layout_rooms, chequers_serial_rivers_micro_d, uniq_maggie
D:9:      minmay_octagon_keep, layout_basic, okawaru_gym_becter,
          grunt_decor_clamped, uniq_erolcha, uniq_gastronok, uniq_psyche
Temple:   nicolae_temple_ecumenical_triangle
Abyss:2:  base: D:4, spicy_abyss_rude_harpoons, minivault_26

Skill      XL: |  1  2  3  4  5  6  7  8  9 10 11 |
---------------+----------------------------------+-----
Transmutations | 3 4 5 6 |  6.0
Unarmed Combat | 4 5 6 7 9 10 11 12 13 | 13.0
Spellcasting   | 3 4 |  4.0
Fighting       | 3 6 8 |  8.5
Ice Magic      | 2 4 |  4.0
Dodging        | 3 6 7 |  7.4
Stealth        | 5 6 |  6.2

Action                   |  1- 3 |  4- 6 |  7- 9 | 10-12 || total
-------------------------+-------+-------+-------+-------++-------
Melee: Unarmed           |   100 |   137 |   241 |   173 ||   651
       Punch             |     2 |     3 |     6 |     2 ||    13
       Headbutt          |    19 |    23 |    23 |     4 ||    69
 Cast: Beastly Appendage |    22 |    26 |    16 |     3 ||    67
       Wereblood         |     1 |     5 |     6 |     6 ||    18
       Spider Form       |     1 |     4 |    14 |     5 ||    24
       Ice Form          |       |       |     4 |     9 ||    13
Invok: Lunge             |       |       |    23 |    13 ||    36
       Whirlwind         |       |       |     8 |    50 ||    58
       Serpent's Lash    |       |       |       |     1 ||     1
 Abil: End Transformatio |       |       |       |     1 ||     1
       Wall Jump         |       |       |       |     1 ||     1
  Use: Scroll            |       |     7 |     4 |     4 ||    15
       Potion            |       |       |     1 |     1 ||     2
 Stab: Sleeping          |       |     2 |     1 |     1 ||     4
Armor: Robe              |    23 |    15 |    15 |     5 ||    58
       Skin              |       |       |     5 |    37 ||    42
Dodge: Dodged            |    68 |    88 |   121 |    89 ||   366
